 Dungeon Crawl Stone Soup version 0.28.0-45-g0d030f2227 (webtiles) character file.

Game seed: 9140044756022682893

3103 H0rd4k the Thaumaturge (level 9, 0/48 HPs)
             Began as a Deep Elf Hedge Wizard on Apr 4, 2022.
             Was an Initiate of Gozag.
             Slain by a water moccasin (2 damage)
             ... on level 7 of the Dungeon on Apr 5, 2022.
             The game lasted 00:14:46 (11794 turns).

H0rd4k the Thaumaturge (Deep Elf Hedge Wizard)     Turns: 11794, Time: 00:14:47

Health: 0/48       AC:  3    Str: 10    XL:     9   Next: 59%
Magic:  24/26      EV: 14    Int: 21    God:    Gozag
Gold:   724        SH:  0    Dex: 14    Spells: 5/31 levels left

rFire   + . .      SeeInvis .   i - +5 dagger
rCold   . . .      Faith    .   (no shield)
rNeg    . . .      Spirit   .   s - +1 robe of Makhleb's Hope {rF+ Str+3 Int-3}
rPois   .          Reflect  .   c - +0 hat
rElec   .          Harm     .   (no cloak)
rCorr   .          Rampage  .   (no gloves)
Will    +....                   (no boots)
Stlth   ++........              (no amulet)
HPRegen 0.16/turn               p - ring of willpower
MPRegen 0.20/turn               (no ring)

@: lethally poisoned (0 -> -9), on blink cooldown, flying
A: no striking features
a: Renounce Religion, Potion Petition, Call Merchant, Bribe Branch


You were on level 7 of the Dungeon.
You worshipped Gozag.
Gozag was pleased with you.
You visited 2 branches of the dungeon, and saw 9 of its levels.

You collected 815 gold pieces.
You paid 91 gold pieces to Gozag.

Inventory:

Hand Weapons
 i - a +5 dagger (weapon)
 m - a +2 hunting sling of flaming
Missiles
 n - 155 stones
Armour
 b - a +0 robe
 c - a +0 hat (worn)
 s - the +1 robe of Makhleb's Hope (worn) {rF+ Str+3 Int-3}
   (You found it on level 4 of the Dungeon)

   Str:       It affects your strength (+3).
   Int:       It affects your intelligence (-3).
   rF:        It protects you from fire.
Magical Staves
 h - a staff of earth
 A - a staff of cold
Jewellery
 p - a ring of willpower (left hand)
Wands
 t - a wand of acid (10)
 w - a wand of iceblast (14)
 y - a wand of flame (22)
 D - a wand of charming (8)
 G - a wand of paralysis (11)
Scrolls
 e - a scroll of fog {unknown}
 j - a scroll of noise {unknown}
 k - 2 scrolls of immolation {unknown}
 l - a scroll of acquirement {unknown}
 q - a scroll of fear {unknown}
 u - 2 scrolls of enchant armour {unknown}
 v - a scroll of blinking {unknown}
 B - 3 scrolls of enchant weapon
 C - a scroll of magic mapping {unknown}
 F - 3 scrolls of identify {unknown}
Potions
 a - a potion of mutation {unknown}
 d - a potion of curing {unknown}
 f - a potion of cancellation
 o - a potion of attraction {unknown}
 r - 2 potions of haste {unknown}
 x - 3 potions of flight
 z - a potion of invisibility {unknown}
 E - a potion of brilliance {unknown}
 H - a potion of heal wounds {unknown}
 I - 3 potions of berserk rage {unknown}
 J - a potion of might {unknown}
 K - a potion of degeneration {unknown}


   Skills:
 + Level 1.6 Fighting
 + Level 0.2 Short Blades
 + Level 5.0 Dodging
 - Level 2.4 Stealth
 + Level 11.8 Spellcasting
 + Level 8.7 Conjurations
 * Level 3.3 Summonings
 + Level 3.0 Translocations
 + Level 1.9 Fire Magic
 + Level 1.5 Air Magic
 + Level 1.7 Poison Magic
 + Level 0.1 Evocations


You had 5 spell levels left.
You knew the following spells:

 Your Spells              Type           Power      Damage    Failure   Level
a - Magic Dart            Conj           100%       1d8       1%          1
b - Blink                 Tloc           50%        N/A       2%          2
c - Conjure Flame         Conj/Fire      34%        6-21      1%          3
d - Mephitic Cloud        Conj/Pois/Air  29%        N/A       3%          3
e - Summon Guardian Gole  Hex/Summ       19%        N/A       9%          3
f - Orb of Destruction    Conj           24%        9d9       78%         7
g - Spellforged Servitor  Conj/Summ      18%        N/A       98%         7

Your spell library contained the following spells:

 Spells                   Type           Power      Damage    Failure   Level
 Call Imp                 Summ           26%        N/A       1%          2
 Sting                    Tmut/Pois      64%        1d6       3%          1
 Poisonous Vapours        Pois/Air       38%        N/A       4%          2
 Slow                     Hex            48%        N/A       5%          1
 Olgreb's Toxic Radiance  Pois           19%        N/A       26%         4


Dungeon Overview and Level Annotations

Branches:
Dungeon (8/15)             Temple (1/1) D:5
   Lair: D:8-11

Altars:
Cheibriados
Fedhas
Gozag
Hepliaklqana
Kikubaaqudgha
Makhleb
Nemelex Xobeh
Okawaru
Qazlal
Ru
Sif Muna
Trog
Uskayaw
Wu Jian
Xom
Zin
The Shining One

Shops:
D:2 *

Annotations:
D:3 Olga's ghost, amateur DsNe
D:5 exclusion: downstairs
D:6 3 runed translucent doors, exclusions: 3 doors and downstairs, CInkIbrahim's ghost, novice OpBe
D:7 Pikel
D:8 exclusions: two-headed ogre and 2 upstairs, Grum


Message History

Grum growls angrily.
There is an escape hatch in the ceiling here.
A mysterious force pulls you upwards. The hatch slams shut behind you.
Level annotation: Pikel The orc warrior shouts!
The orc shouts!
The water moccasin hisses angrily.
The orc wizard shouts!
The orc priest shouts!
The orc priest invokes the aid of Beogh against you.
You easily resist.
The wraith barely misses you.
Unknown command.
The orc wizard gestures wildly while chanting.
The orc wizard flickers and vanishes!
Deactivating autopickup; reactivate with Ctrl-A.
The orc warrior hits you with a +0 war axe!
A magic dart appears from out of thin air!
The magic dart hits you.
The orc warrior hits you with a +0 war axe!!
The water moccasin barely misses you. The water moccasin barely misses you.
As you read the scroll of teleportation, it crumbles to dust.
You feel strangely unstable. The water moccasin bites you.
* * * LOW HITPOINT WARNING * * *
You are lethally poisoned!
The water moccasin poisons you!
Casting: Magic Dart (safe; 1% risk of failure)
Confirm with . or Enter, or press ? or * to list all spells.
You blink.
* * * LOW HITPOINT WARNING * * *
You feel very sick.
It was a potion of cancellation.
You feel strangely stable.
You feel magically purged.
* * * LOW HITPOINT WARNING * * *
You feel very sick.
It was a potion of flight.
You feel very buoyant.
You fly up into the air.
* * * LOW HITPOINT WARNING * * *
You feel sick. The water moccasin bites you.
You die...
Your body crumbles into a pile of gold.

.......... #....... .# ###......
.## #.......# #..#
.......?###..## #.....##....# .♣
.. ##........#.### .♣######...#.
###...<.o..[#...### .............
..##..#....##...@S###............
..######.......##..oo............
/..###.###.#...##.W..oo.........#
#.............#####.#.o.........#
...#...#####...# ####.o.....>....
<.###...$..##.##.###.o...........
.## ##..##.##....................
.#.#######...........o...........
......####.......................


You could see a wraith, an orc warrior, a water moccasin, an orc priest, an orc
wizard and 3 orcs.

Vanquished Creatures
  Maggie (D:8)
  A water moccasin (D:6)
  An ice beast (D:6)
  A sky beast (D:6)
  4 black bears
  A necrophage (D:5)
  2 wolves (D:8)
  3 ogres (D:5)
  5 phantoms
  A centaur (D:8)
  A lemure (D:6)
  2 bullfrogs (D:8)
  2 scorpions
  A water moccasin skeleton (D:6)
  4 howler monkeys
  2 centaur zombies
  2 jellies
  A hound (D:5)
  A centaur skeleton (D:5)
  2 orc priests (D:6)
  Jessica (D:2)
  6 iguanas
  5 orc wizards
  A hound skeleton (D:5)
  A gnoll (D:6)
  2 howler monkey skeletons
  8 adders
  2 ufetubi
  3 adder skeletons
  3 worms
  A dart slug (D:4)
  17 orcs
  6 bats
  8 endoplasms
  2 giant cockroaches (D:1)
  9 goblins
  8 hobgoblins
  4 jackals
  3 quokkas
  4 ball pythons
  2 frilled lizards
  9 kobolds
  4 rats
147 creatures vanquished.

Vanquished Creatures (others)
  5 fungi (D:3)
5 creatures vanquished.

Grand Total: 152 creatures vanquished

Notes
Turn   | Place    | Note
-------+----------+-------------------------------------------
     0 | D:1      | H0rd4k the Deep Elf Hedge Wizard began the quest for the
                  | Orb.
     0 | D:1      | Reached XP level 1. HP: 10/10 MP: 7/7
   203 | D:1      | Reached XP level 2. HP: 1/15 MP: 0/9
   623 | D:1      | Reached skill level 5 in Spellcasting
  1756 | D:2      | Reached XP level 3. HP: 19/19 MP: 7/11
  1759 | D:2      | Learned a level 2 spell: Blink
  1763 | D:2      | Learned a level 3 spell: Conjure Flame
  1767 | D:2      | Learned a level 3 spell: Mephitic Cloud
  2102 | D:2      | Noticed Jessica
  2111 | D:2      | Killed Jessica
  2271 | D:2      | Reached XP level 4. HP: 24/24 MP: 10/13
  2794 | D:2      | Found Saecvute's Assorted Antiques.
  3104 | D:3      | Reached skill level 1 in Poison Magic
  3609 | D:3      | Noticed Olga's ghost (amateur DsNe)
  3618 | D:3      | Found a runed translucent gate.
  3618 | D:3      | Found a runed translucent gate.
  3618 | D:3      | Found a runed translucent gate.
  3872 | D:3      | Found a faded altar of an unknown god.
  4107 | D:4      | Identified the +1 robe of Makhleb's Hope {rF+ Str+3 Int-3}
  4446 | D:4      | Reached XP level 5. HP: 20/28 MP: 9/15
  4745 | D:4      | Reached skill level 1 in Fire Magic
  4749 | D:4      | Noticed a phantom
  4768 | D:4      | Killed a phantom
  4769 | D:4      | Reached skill level 6 in Spellcasting
  4769 | D:4      | Reached skill level 1 in Air Magic
  5238 | D:5      | Entered Level 5 of the Dungeon
  5322 | D:4      | Reached XP level 6. HP: 33/33 MP: 7/17
  5959 | D:5      | Reached skill level 7 in Spellcasting
  6393 | D:5      | Found a staircase to the Ecumenical Temple.
  6422 | Temple   | Entered the Ecumenical Temple
  6646 | Temple   | Became a worshipper of Gozag Ym Sagoz the Greedy
  6843 | D:5      | Reached XP level 7. HP: 8/37 MP: 7/20
  7449 | D:5      | Reached skill level 5 in Conjurations
  7524 | D:5      | Reached skill level 8 in Spellcasting
  7631 | D:5      | Reached skill level 1 in Fighting
  8205 | D:5      | Reached XP level 8. HP: 43/43 MP: 18/22
  8253 | D:5      | Reached skill level 9 in Spellcasting
  8977 | D:6      | Found a burning altar of Makhleb.
  8978 | D:6      | Found a glowing silver altar of Zin.
  8979 | D:6      | Found a sparkling altar of Nemelex Xobeh.
  8980 | D:6      | Found a runed translucent gate.
  8991 | D:6      | Reached skill level 10 in Spellcasting
  9128 | D:6      | Found a runed translucent gate.
  9129 | D:6      | Noticed CInkIbrahim's ghost (novice OpBe)
  9135 | D:6      | Found a runed translucent gate.
  9786 | D:5      | Reached XP level 9. HP: 47/47 MP: 14/25
 10029 | D:6      | Reached skill level 11 in Spellcasting
 10781 | D:6      | Learned a level 3 spell: Summon Guardian Golem
 10789 | D:6      | Learned a level 7 spell: Orb of Destruction
 10800 | D:6      | Learned a level 7 spell: Spellforged Servitor
 10834 | D:7      | Found a shimmering altar of Xom.
 10991 | D:7      | Noticed Pikel
 11169 | D:8      | Noticed a two-headed ogre
 11205 | D:8      | Noticed Grum
 11606 | D:8      | Noticed Maggie
 11625 | D:8      | Killed Maggie
 11626 | D:8      | Reached skill level 5 in Dodging
 11794 | D:7      | HP: 2/48 [poisoned by a water moccasin]
 11794 | D:7      | Slain by a water moccasin

Illustrated notes

Levels and vault maps discovered:
D:1:      psy_arrival_spokes, layout_loops_corners
D:2:      layout_loops_ring, serial_shops, shop, uniq_jessica
D:3:      layout_loops_ring, gammafunk_ghost_split,
          shapermc_ecumenical_altar_hornbeckon, grunt_ministairs_2
D:4:      layout_loops_cross, kennysheep_generic_room_8
D:5:      minmay_thinvault, layout_basic, temple_green
D:6:      layout_loops_ring, chequers_temple_overflow_statue_of_worship,
          gammafunk_ghost_nasty_kobolds, nicolae_fountain_basement
D:7:      layout_cave_pools, kennysheep_ying_yang,
          nicolae_overflow_quartered_altars, uniq_pikel
D:8:      layout_cave_pools, uniq_maggie, uniq_grum
Temple:   nicolae_temple_figure_eight

Skill      XL: |  1  2  3  4  5  6  7  8  9 |
---------------+----------------------------+-----
Spellcasting   | 5 6 7 8 10 11 | 11.8
Dodging        | 3 4 5 |  5.0
Conjurations   | 2 3 4 5 7 8 |  8.7
Poison Magic   | 1 |  1.7
Fire Magic     | 1 |  1.9
Air Magic      | 1 |  1.5
Fighting       | 1 |  1.6
Translocations | 2 3 |  3.0
Summonings     | 3 |  3.3
Short Blades   | |  0.2
Stealth        | |  2.4
Evocations     | |  0.1

Action                   |  1- 3 |  4- 6 |  7- 9 || total
-------------------------+-------+-------+-------++-------
Melee: Dagger            |    17 |       |     1 ||    18
 Cast: Magic Dart        |   106 |   191 |   319 ||   616
       Conjure Flame     |       |     8 |    17 ||    25
       Blink             |       |     1 |    15 ||    16
       Mephitic Cloud    |       |     2 |    10 ||    12
Evoke: Wand              |       |       |     3 ||     3
  Use: Scroll            |       |       |     4 ||     4
       Potion            |       |       |     2 ||     2
Armor: Robe              |    18 |    13 |    29 ||    60
Dodge: Dodged            |    43 |    38 |    84 ||   165
